 Dungeon Crawl Stone Soup version 0.30-a0-122-g2a1322497e (webtiles) character file.

Game seed: 6294619257324307653

1445 ragingrage the Frost Mage (level 8, -8/81 HPs)
             Began as a Demonspawn Wanderer on Sept 15, 2022.
             Mangled by a fire elemental (12 damage)
             ... summoned by a deep elf pyromancer
             ... on level 7 of the Dungeon.
             The game lasted 00:06:00 (7654 turns).

ragingrage the Frost Mage (Demonspawn Wanderer)     Turns: 7654, Time: 00:06:00

Health: -8/81      AC:  6    Str: 16    XL:     8   Next: 46%
Magic:  6/9        EV: 11    Int: 13    God:
Gold:   377        SH:  5    Dex: 12    Spells: 1/9 levels left

rFire   . . .      SeeInvis .    a - +0 hand axe
rCold   . . .      Faith    .    (no shield)
rNeg    . . .      Spirit   .    d - +0 leather armour
rPois   .          Reflect  +    y - +0 helmet
rElec   .          Harm     .    e - +1 cloak
rCorr   .          Rampage  .    (no gloves)
Will    .....                    (no boots)
Stlth   ..........               m - amulet of reflection
HPRegen 0.23/turn                (no ring)
MPRegen 0.11/turn                (no ring)

@: berserking, very quick
A: foul stench 1, spiny 1
a: no special abilities


You were on level 7 of the Dungeon.
You visited 1 branch of the dungeon, and saw 7 of its levels.

You collected 377 gold pieces.

Inventory:

Hand Weapons
 a - a +0 hand axe (weapon)
Missiles
 o - 7 boomerangs
 u - 3 poisoned darts
 M - 5 boomerangs of dispersal
Armour
 d - a +0 leather armour (worn)
 e - a +1 cloak (worn)
 y - a +0 helmet (worn)
 A - a +1 scale mail of willpower
 G - a +2 buckler
Magical Staves
 w - a staff of conjuration
Jewellery
 m - an amulet of reflection (around neck)
Wands
 b - a wand of flame (21)
 t - a wand of digging (5)
 v - a wand of iceblast (20)
 N - a wand of polymorph (10)
Scrolls
 c - 5 scrolls of blinking
 g - 2 scrolls of enchant armour {unknown}
 h - 12 scrolls of identify {unknown}
 l - a scroll of enchant weapon {unknown}
 n - a scroll of poison {unknown}
 p - a scroll of summoning {unknown}
 q - a scroll of immolation {unknown}
 s - a scroll of vulnerability {unknown}
 z - 3 scrolls of fear {unknown}
 C - 3 scrolls of teleportation {unknown}
 E - a scroll of magic mapping {unknown}
 J - a scroll of silence {unknown}
Potions
 f - a potion of berserk rage
 i - a potion of mutation {unknown}
 j - 4 potions of degeneration
 k - 3 potions of heal wounds {unknown}
 r - a potion of curing
 x - a potion of lignification
 B - a potion of attraction {unknown}
 D - a potion of flight {unknown}
 F - a potion of brilliance {unknown}
 H - a potion of might {unknown}
 I - a potion of haste {unknown}
 K - a potion of resistance
 L - a potion of magic {unknown}


   Skills:
 - Level 1.0 Fighting
 + Level 2.7 Axes
 - Level 1.0 Armour
 - Level 1.0 Dodging
 - Level 1.0 Spellcasting
 + Level 2.1 Conjurations
 + Level 9.3 Ice Magic
 - Level 2.0 Evocations


You had one spell level left.
You knew the following spells:

 Your Spells              Type           Power      Damage    Failure   Level
a - Freeze                Ice            96%        1d11      1%          1
b - Ozocubu's Armour      Ice            24%        N/A       2%          3
c - Hailstorm             Conj/Ice       15%        3d5       32%         4

Your spell library contained the following spells:

 Spells                   Type           Power      Damage    Failure   Level


Dungeon Overview and Level Annotations

Branches:
Dungeon (7/15)             Temple (0/1) D:4

Altars:
Gozag
Makhleb
Qazlal
Trog

Annotations:
D:4 1 runed translucent door, Crazy Yiuf, Sigmund


Innate Abilities, Weirdness & Mutations

You may rarely emit foul miasma when damaged in melee.
You are partially covered in sharp spines.


Message History

Confirm with . or Enter, or press ? or * to list all spells.
Aiming: Freeze (safe; 1% risk of failure)
Press: ? - help, Shift-Dir - straight line, f/p - deep elf pyromancer
Aim: a deep elf pyromancer, wielding a +0 rapier and wearing a +0 leather armour (lightly wounded)
You freeze the deep elf pyromancer.
The deep elf pyromancer is lightly wounded.
A vampire mosquito comes into view.
The deep elf pyromancer points at you and mumbles some strange words.
The bolt of fire hits you!!
Ouch! That really hurt!
* * * LOW HITPOINT WARNING * * *
You block the fire elemental's attack.
Casting: Freeze (safe; 1% risk of failure)
Confirm with . or Enter, or press ? or * to list all spells.
Aiming: Freeze (safe; 1% risk of failure)
Press: ? - help, Shift-Dir - straight line, f/p - deep elf pyromancer
Aim: a deep elf pyromancer, wielding a +0 rapier and wearing a +0 leather armour (lightly wounded)
You freeze the deep elf pyromancer!
The deep elf pyromancer is moderately wounded.
The deep elf pyromancer is struck by your spines.
The deep elf pyromancer barely misses you.
The fire elemental completely misses you.
It was a potion of berserk rage.
A red film seems to cover your vision as you go berserk!
You feel yourself moving faster!
You feel mighty!
The fire elemental is struck by your spines.
The fire elemental hits you. The fire elemental burns you!
* * * LOW HITPOINT WARNING * * *
The deep elf pyromancer points at you and mumbles some strange words.
The bolt of fire misses you.
Unknown command.
You miss the deep elf pyromancer.
The deep elf pyromancer is moderately wounded.
You hit the fire elemental.
The fire elemental is struck by your spines.
The fire elemental barely misses you.
The deep elf pyromancer is struck by your spines.
The deep elf pyromancer hits you but does no damage.
The fire elemental hits you. The fire elemental burns you!
You die...

##........................
#........................
#..................<.....
#........................
#........................
#####.#####..#.#.#####.≈≈
#.######.#.#...(...§.
#..E..##...######..§.
####@####..........≈. #e#
###..#####.≈. y#. ##.#
#.≈§ W# ## #.# ###.≈§ #.
###.###...≈. #
#.......#.≈≈ #.......#...
#.......###. #.......+...


You could see a deep elf pyromancer, a fire elemental (summoned), a wraith and a
vampire mosquito.

Vanquished Creatures
  A water moccasin (D:5)
  A black bear (D:6)
  A phantom (D:6)
  2 necrophages
  2 bullfrogs (D:6)
  3 scorpions
  8 hounds
  3 jellies
  3 iguanas
  Ijyb (D:3)
  Terence (D:3)
  Natasha (twice) (D:4)
  An orc wizard (D:5)
  A hound skeleton (D:6)
  Robin (D:3)
  8 adders
  A shadow imp (D:6)
  3 white imps (D:7)
  2 ufetubi
  2 worms
  5 orcs
  A ball python (D:4)
  2 bats (D:2)
  5 endoplasms
  3 giant cockroaches
  9 goblins
  6 hobgoblins (D:3)
  8 jackals
  3 quokkas
  3 frilled lizards
  6 kobolds
  3 rats
101 creatures vanquished.

Notes
Turn   | Place    | Note
-------+----------+-------------------------------------------
     0 | D:1      | ragingrage the Demonspawn Wanderer began the quest for the
                  | Orb.
     0 | D:1      | ragingrage set off with the following items: a +0 hand axe,
                  | a wand of flame (5), a scroll of blinking, a +0 leather
                  | armour; and the following spell memorised: Freeze; and the
                  | following spells available to memorise: Ozocubu's Armour,
                  | Hailstorm.
     0 | D:1      | Reached XP level 1. HP: 15/15 MP: 2/2
   164 | D:1      | Found a faded altar of an unknown god.
   295 | D:1      | Reached skill level 2 in Ice Magic
  1106 | D:2      | Gained mutation: You are partially covered in sharp spines.
                  | [demonic ancestry]
  1106 | D:2      | Reached XP level 2. HP: 21/21 MP: 0/3
  1142 | D:2      | You fall into a shaft and drop 1 floor!
  1161 | D:3      | Reached skill level 3 in Ice Magic
  1161 | D:3      | Reached XP level 3. HP: 6/26 MP: 1/4
  1419 | D:3      | Noticed Robin
  1435 | D:4      | Found a staircase to the Ecumenical Temple.
  1785 | D:3      | Noticed a scorpion
  1801 | D:3      | Reached skill level 4 in Ice Magic
  1801 | D:3      | Reached XP level 4. HP: 31/32 MP: 3/5
  1809 | D:3      | Killed a scorpion
  1833 | D:3      | Reached XP level 5. HP: 9/37 MP: 3/6
  2068 | D:3      | Learned a level 3 spell: Ozocubu's Armour
  2166 | D:3      | Noticed Terence
  2171 | D:3      | Killed Terence
  2172 | D:3      | Reached skill level 5 in Ice Magic
  2210 | D:3      | Noticed Ijyb
  2217 | D:3      | Killed Ijyb
  2324 | D:3      | Killed Robin
  2470 | D:3      | Found a stormy altar of Qazlal.
  3429 | D:4      | Reached XP level 6. HP: 30/43 MP: 1/7
  3586 | D:4      | Found a runed translucent door.
  3587 | D:4      | Noticed Crazy Yiuf
  3684 | D:4      | Noticed Natasha
  3688 | D:4      | Killed Natasha
  3689 | D:4      | Reached skill level 6 in Ice Magic
  3926 | D:4      | Noticed Natasha
  3932 | D:4      | Killed Natasha
  4030 | D:4      | Noticed Sigmund
  4037 | D:4      | You fall into a shaft and drop 2 floors!
  4093 | D:5      | Entered Level 5 of the Dungeon
  4105 | D:5      | Found an opulent altar of Gozag.
  4142 | D:5      | Noticed a water moccasin
  4167 | D:5      | Killed a water moccasin
  4168 | D:5      | Reached skill level 7 in Ice Magic
  4168 | D:5      | Reached XP level 7. HP: 5/48 MP: 0/8
  4623 | D:5      | Learned a level 4 spell: Hailstorm
  5261 | D:5      | Reached skill level 8 in Ice Magic
  5950 | D:6      | Gained mutation: You may rarely emit foul miasma when
                  | damaged in melee. [demonic ancestry]
  5950 | D:6      | Reached XP level 8. HP: 54/54 MP: 0/9
  6110 | D:6      | Found a burning altar of Makhleb.
  6123 | D:6      | Reached skill level 9 in Ice Magic
  6300 | D:6      | Found a bloodstained altar of Trog.
  6438 | D:6      | Reached skill level 1 in Conjurations
  7648 | D:7      | Noticed a deep elf pyromancer
  7653 | D:7      | HP: 3/81 [fire elemental[a deep elf pyromancer] (11)]
  7654 | D:7      | Mangled by a fire elemental

Illustrated notes

Levels and vault maps discovered:
D:1:      minmay_arrival_cross, layout_basic, basic_ecumenical_altar,
          chequers_serial_rivers_micro_c
D:2:      layout_loops_ring, basic_altar
D:3:      layout_basic, mainiacjoe_overflow_alcove_1, grunt_ministairs_9,
          hex_medium, uniq_robin, uniq_terence, uniq_ijyb
D:4:      layout_loops_cross, minmay_temple_entry_trees, uniq_sigmund,
          uniq_natasha, uniq_crazy_yiuf_cottage
D:5:      layout_basic, grunt_gozag_statues, mainiacjoe_overflow_paths
D:6:      layout_basic, trog_book, makhleb_blood_cavern_becter
D:7:      minmay_cornered_nines, layout_basic, mainiacjoe_overflow_brackets

Skill      XL: |  1  2  3  4  5  6  7  8 |
---------------+-------------------------+-----
Ice Magic      | 2 3 4 5 7 8 9 |  9.3
Axes           | 2 |  2.7
Conjurations   | 2 |  2.1
Fighting       | |  1.0
Armour         | |  1.0
Dodging        | |  1.0
Spellcasting   | |  1.0
Evocations     | |  2.0

Action                   |  1- 3 |  4- 6 |  7- 9 || total
-------------------------+-------+-------+-------++-------
Melee: Hand axe          |    54 |    79 |    63 ||   196
       Punch             |       |       |     2 ||     2
Throw: Boomerang         |     3 |     2 |       ||     5
       Dart              |       |       |     5 ||     5
 Cast: Freeze            |    18 |    46 |    40 ||   104
       Ozocubu's Armour  |       |       |     5 ||     5
Evoke: Wand              |       |     2 |       ||     2
  Use: Potion            |       |     3 |     1 ||     4
Armor: Leather armour    |    24 |    22 |    31 ||    77
       Skin              |       |     3 |       ||     3
Dodge: Dodged            |    39 |    63 |    46 ||   148
Block: Other             |    14 |    23 |    27 ||    64
       Reflection        |     1 |       |       ||     1

Table legend: (Time is in decaauts)
 A = Elapsed time spent in this place.
 B = Non-inter-level travel time spent in this place.
 C = Inter-level travel time spent in this place.
 D = Time resting spent in this place.
 E = Time spent auto-exploring this place.
 F = Levels seen in this place.
 G = Mean time per level.
                   A        B        C        D        E       F      G
               +--------+--------+--------+--------+--------+-----+--------+
         Total |   7698 |   7463 |    235 |   1652 |   4948 |   7 | 1099.7 |
       Dungeon |   7698 |   7463 |    235 |   1652 |   4948 |   7 | 1099.7 |
               +--------+--------+--------+--------+--------+-----+--------+

Top non-repeatable levels by time:
     D:5: 1849 daAuts
     D:3: 1611 daAuts
     D:6: 1140 daAuts
     D:1: 970 daAuts
     D:2: 823 daAuts
     D:4: 661 daAuts
     D:7: 642 daAuts
